 Dungeon Crawl Stone Soup version 0.19-a0-1195-ge0bab27 (webtiles) character file.

87439 Ryco the Severer (level 15, -27/217 HPs)
             Began as a Minotaur Berserker on Aug 19, 2016.
             Was the Champion of Trog.
             Annihilated by an orc warrior
             ... wielding a +0 glaive
              (43 damage)
             ... on level 2 of the Orcish Mines.
             The game lasted 01:12:17 (8855 turns).

Ryco the Severer (Minotaur Berserker)               Turns: 8855, Time: 01:12:17

Health: -27/217    AC:  7    Str: 35    XL:     15   Next: 43%
Magic:  17/17      EV: 10    Int: 10    God:    Trog [******]
Gold:   1054       SH:  0    Dex: 12    Spells: 0 memorised, 14 levels left

rFire  + . .     SeeInvis .     b - +9 executioner's axe "Toataloi" {chop, *Corrode +Inv rElec Stlth+}
rCold  . . .     Gourm    .     y - +3 plate armour {MR+}
rNeg   . . .     Faith    +     (shield currently unavailable)
rPois  .         Spirit   .     (helmet restricted)
rElec  +         Dismiss  .     Z - +1 cloak
rCorr  .         Reflect  .     j - +2 pair of gloves "Unutuushee" {*Contam Str+4 Int+8}
MR     ++++.     Harm     .     Y - +0 pair of boots
Stlth  ..........               t - amulet of faith
                                (no ring)
                                l - ring of protection from fire

@: berserking, corroded, regenerating, very quick
A: retaliatory headbutt, horns 2, dopey 1
a: Berserk, Trog's Hand, Brothers in Arms, Burn Spellbooks, Renounce Religion,
Evoke Invisibility


You were on level 2 of the Orcish Mines.
You worshipped Trog.
Trog was exalted by your worship.
You were hungry.

You visited 3 branches of the dungeon, and saw 20 of its levels.
You also visited: Labyrinth and Ossuary.

You collected 1290 gold pieces.
You spent 236 gold pieces at shops.

Inventory:

Hand Weapons
 a - the +5 broad axe "Cofri" {venom, +Blink rPois rN++ Int-2}
   (You took it off a minotaur in a labyrinth)

   It poisons the flesh of those it strikes.
   It affects your intelligence (-2).
   It protects you from poison.
   It greatly protects you from negative energy.
   It lets you blink.
 b - the +9 executioner's axe "Toataloi" (weapon) {chop, *Corrode +Inv rElec Stlth+}
   (Trog gifted it to you on level 2 of the Orcish Mines)

   It inflicts extra damage upon your enemies.
   It insulates you from electricity.
   It lets you turn invisible.
   It may corrode you when you take damage.
   It makes you more stealthy.
 V - a +1 battleaxe of flaming
Missiles
 g - 7 javelins (quivered)
 D - 4 throwing nets
Armour
 j - the +2 pair of gloves "Unutuushee" (worn) {*Contam Str+4 Int+8}
   (You acquired it on level 6 of the Lair of Beasts)

   It affects your strength (+4).
   It affects your intelligence (+8).
   It causes magical contamination when unequipped.
 y - a +3 plate armour of magic resistance (worn)
 Y - a +0 pair of boots (worn)
 Z - a +1 cloak (worn)
Jewellery
 l - a ring of protection from fire (left hand)
 n - an uncursed ring of ice
 t - an amulet of faith (around neck)
 v - the ring "Guyplaragh" {+Fly rElec rF+ Str-2 Int+2}
   (You found it on level 10 of the Dungeon)

   [ring of flight]

   It affects your strength (-2).
   It affects your intelligence (+2).
   It protects you from fire.
   It insulates you from electricity.
   It lets you fly.
Wands
 u - a wand of digging (5/24)
 w - a wand of lightning (5/15)
 x - a wand of disintegration (17/24)
 H - a wand of enslavement (14/24)
 L - a wand of paralysis (15/24)
 N - a wand of disintegration (9/24)
 O - a wand of confusion (17/48)
 T - a wand of teleportation (4/9)
Scrolls
 f - 3 scrolls of recharging
 i - 6 scrolls of blinking
 o - 3 scrolls of teleportation
 B - a scroll of holy word
 E - 2 scrolls of fear
 F - 14 scrolls of remove curse
 X - 2 scrolls of magic mapping
Potions
 d - 2 potions of lignification
 e - 3 potions of curing
 h - a potion of invisibility
 m - a potion of haste
 p - 2 potions of berserk rage
 r - 5 potions of flight
 s - 2 potions of agility
 z - 2 potions of mutation {unknown}
 C - 2 potions of ambrosia {unknown}
 G - a potion of heal wounds {unknown}
 I - 3 potions of cure mutation {unknown}
 J - a potion of might {unknown}
 Q - 2 potions of resistance {unknown}
 S - 2 potions of magic {unknown}
 U - 3 potions of brilliance {unknown}
 W - 3 potions of cancellation {unknown}
Miscellaneous
 M - a phial of floods
 R - a lamp of fire
Comestibles
 c - 4 bread rations
 q - a meat ration
 K - 4 fruits


   Skills:
 + Level 16.5 Fighting
 + Level 20.0 Axes
 + Level 1.9 Throwing
 + Level 14.7 Armour
 - Level 2.1 Dodging
 + Level 5.0 Evocations


You had 14 spell levels left.
You didn't know any spells.

Dungeon Overview and Level Annotations

Branches:
Dungeon (12/15)            Temple (0/1) D:5            Lair (6/6) D:10
  Swamp (0/4) Lair:4       Spider (0/4) Lair:2        Slime (0/5) Lair:5
    Orc (2/2) D:12            Elf (0/3) Orc:2

Altars:
Cheibriados
Dithmenos
Gozag
Kikubaaqudgha
Trog
Zin
The Shining One
Jiyva

Shops:
D:9 (   D:10 (   D:12 (   Orc:1 (   Orc:2 [


Innate Abilities, Weirdness & Mutations

You reflexively headbutt those who attack you in melee.
You have a pair of horns on your head.
You are dopey. (Int -2)


Message History

You completely miss the orc high priest.
You slash the orc priest!
You feel the power of Trog in you as your rage grows.
You kill the orc priest!
Trog accepts your kill.
The orc knight hits you with a great mace.
* * * LOW HITPOINT WARNING * * *
The orc high priest hits you but does no damage.
You slice the orc high priest!!
Your headbutt misses the orc high priest.
The orc high priest is almost dead.
You hit the orc knight. You slice the orc high priest!!
You kill the orc high priest!
Trog accepts your kill.
The orange demon disappears in a puff of smoke! x2
The soul eater disappears in a puff of smoke!
Your Axes skill increases to level 20!
You slash the orc wizard!
The orc warrior hits you from afar with a glaive!!!
You die...

.........###
.....#.....# ##......##
...).......# #.÷..÷...#
...).......# #..÷.....#
...........###÷..§....#
...........##.........#
(.)).).....##.÷§o.÷÷.÷#
..)....#....##4ooo...#
.......##...####@)§.#
......#.#....##§)÷..#
........##....)§.§###
.........##......##
..........##...###
...........#####
..........##
...#......##
..####.....#


You could see an orc knight, an orc high priest, a chaos spawn, an orc warrior
and an orc wizard.

Vanquished Creatures
  Saint Roka (Orc:2)
  4 dire elephants (Lair:6)
  A minotaur (Lab)
  Fannar (D:12)
  7 hydras
  3 death yaks (Lair:4)
  An anaconda (Lair:6)
  2 orc high priests (Orc:2)
  An unseen horror (D:11)
  5 orc knights
  A hill giant (D:12)
  3 orc sorcerers (Orc:2)
  A griffon (Lair:6)
  2 manticores
  18 elephants
  2 cyclopes
  3 black mambas
  7 spiny frogs
  5 rime drakes
  6 komodo dragons
  4 trolls
  4 blink frogs (Lair:6)
  A two-headed ogre (D:10)
  25 yaks
  2 vampires
  A basilisk (Lair:2)
  A wraith (D:10)
  3 wyverns
  3 hippogriffs
  A hungry ghost (D:7)
  5 swamp worms (Lair:4)
  A warg (Orc:2)
  3 porcupines
  6 water moccasins
  A sky beast (D:7)
  A wasp (Lair:4)
  20 orc warriors
  3 black bears
  3 phantoms
  11 centaurs
  22 wolves
  5 ogres
  10 crocodiles
  12 giant frogs
  A gnoll sergeant (D:7)
  A water moccasin zombie (D:7)
  5 killer bees (D:5)
  4 wights (D:12)
  3 vampire bats (Lair:6)
  2 electric eels
  7 howler monkeys
  3 crimson imps
  3 giant frog zombies
  9 hounds
  3 lava snakes (D:11)
  A wasp zombie (Ossuary)
  2 centaur zombies (Ossuary)
  15 orc priests
  2 centaur skeletons
  3 jellies
  16 orc wizards
  4 iguanas
  6 worker ants
  A hound zombie (Ossuary)
  11 mummies (Ossuary)
  A howler monkey zombie (D:9)
  3 worker ant zombies
  Robin (D:4)
  3 gnolls (D:7)
  7 adders
  31 river rats
  2 oozes
  4 adder zombies
  2 worms (D:2)
  4 dart slugs
  3 giant geckos
  57 orcs
  13 bats
  2 giant cockroaches
  14 goblins
  8 hobgoblins
  8 jackals
  4 quokkas
  2 ball pythons
  2 giant gecko zombies (Ossuary)
  3 giant newts
  A jackal zombie (Ossuary)
  2 kobolds
  2 quokka zombies (Ossuary)
  6 rats
  A fungus (Lair:5)
  6 plants
516 creatures vanquished.

Vanquished Creatures (others)
  A human (D:9)
  3 fungi
  6 plants
  4 withered plants (Ossuary)
14 creatures vanquished.

Grand Total: 530 creatures vanquished

Notes
Turn   | Place    | Note
-------+----------+-------------------------------------------
     0 | D:1      | Ryco the Minotaur Berserker began the quest for the Orb.
     0 | D:1      | Reached XP level 1. HP: 19/19 MP: 0/0
   126 | D:1      | Reached skill level 4 in Axes
   164 | D:1      | Reached XP level 2. HP: 27/27 MP: 1/1
   650 | D:2      | Reached XP level 3. HP: 20/33 MP: 2/2
   765 | D:2      | Reached ** piety under Trog
  1103 | D:4      | Noticed Robin
  1111 | D:4      | Reached XP level 4. HP: 35/41 MP: 3/3
  1112 | D:4      | Reached skill level 5 in Fighting
  1115 | D:4      | Reached skill level 5 in Axes
  1116 | D:4      | Killed Robin
  1117 | D:4      | Reached XP level 5. HP: 47/48 MP: 4/4
  1321 | D:3      | Reached *** piety under Trog
  1740 | D:5      | Entered Level 5 of the Dungeon
  1741 | D:5      | Noticed a phantom
  1743 | D:5      | Reached XP level 6. HP: 44/58 MP: 5/5
  1747 | D:4      | Reached skill level 6 in Axes
  1920 | D:6      | Reached XP level 7. HP: 35/66 MP: 6/6
  1992 | D:5      | Found a staircase to the Ecumenical Temple.
  2007 | D:5      | Reached skill level 7 in Axes
  2205 | D:4      | Found an opulent altar of Gozag.
  2312 | D:5      | Found a bloodstained altar of Trog.
  2312 | D:5      | Found a glowing golden altar of the Shining One.
  2423 | D:6      | Reached XP level 8. HP: 55/75 MP: 7/7
  2448 | D:5      | Reached **** piety under Trog
  2448 | D:5      | Reached skill level 8 in Axes
  2483 | D:5      | Reached skill level 5 in Armour
  2497 | D:5      | Found a shadowy altar of Dithmenos.
  2812 | D:7      | Reached skill level 9 in Axes
  2876 | D:7      | Found a sand-covered staircase.
  2885 | Ossuary  | Entered an ossuary
  3013 | Ossuary  | Reached XP level 9. HP: 22/85 MP: 8/8
  3021 | Ossuary  | Reached skill level 10 in Fighting
  3023 | Ossuary  | Reached ***** piety under Trog
  3410 | D:8      | Reached skill level 10 in Axes
  3513 | D:9      | Found a snail-covered altar of Cheibriados.
  3663 | D:9      | Found Ukkamiept's Antique Weapon Boutique.
  3666 | D:9      | Found an ancient bone altar of Kikubaaqudgha.
  3704 | D:9      | Reached skill level 11 in Axes
  3758 | D:10     | Entered Level 10 of the Dungeon
  3801 | D:9      | Found a glowing silver altar of Zin.
  3832 | D:10     | Noticed a troll
  3841 | D:10     | Killed a troll
  3841 | D:10     | Reached XP level 10. HP: 94/94 MP: 9/9
  3884 | D:10     | Found a staircase to the Lair.
  3905 | Lair:1   | Entered Level 1 of the Lair of Beasts
  3931 | Lair:1   | HP: 4/95 [wolf (3)]
  3969 | Lair:1   | Reached skill level 14 in Axes
  3969 | Lair:1   | Reached XP level 11. HP: 48/102 MP: 9/13
  3971 | Lair:1   | Reached XP level 12. HP: 55/115 MP: 9/14
  4113 | Lair:1   | Noticed a four-headed hydra
  4133 | Lair:1   | Killed a one-headed hydra
  4179 | Lair:2   | Found a hole to the Spider Nest.
  4352 | Lair:3   | Received a gift from Trog
  4358 | Lair:3   | Reached skill level 15 in Axes
  4454 | Lair:3   | Noticed an eight-headed hydra
  4462 | Lair:3   | Killed a three-headed hydra
  4475 | Lair:4   | Noticed a death yak
  4477 | Lair:4   | Noticed a death yak
  4776 | Lair:4   | Noticed a death yak
  4801 | Lair:4   | Killed a death yak
  4802 | Lair:4   | Killed a death yak
  4808 | Lair:4   | Killed a death yak
  4879 | Lair:6   | Entered Level 6 of the Lair of Beasts
  4883 | Lair:5   | Reached XP level 13. HP: 92/125 MP: 15/15
  4999 | Lair:6   | Reached skill level 16 in Axes
  5074 | Lair:6   | Reached skill level 17 in Axes
  5074 | Lair:6   | Reached XP level 14. HP: 91/133 MP: 16/16
  5096 | Lair:6   | Reached skill level 5 in Evocations
  5216 | Lair:6   | Reached skill level 1 in Throwing
  5218 | Lair:6   | Identified a scroll of acquirement
  5219 | Lair:6   | Got a pair of dazzling gloves
  5230 | Lair:6   | Identified the +2 pair of gloves "Unutuushee" {*Contam Str+4 Int+8} (You acquired it on level 6 of the Lair of Beasts)
  5396 | Lair:6   | Reached skill level 18 in Axes
  5616 | Lair:6   | Reached skill level 15 in Fighting
  5794 | Lair:5   | You fall through a shaft!
  6101 | Lair:5   | Received a gift from Trog
  6171 | Lair:5   | Found a staircase to the Slime Pits.
  6172 | Lair:5   | Found a viscous altar of Jiyva.
  6341 | Lair:5   | Received a gift from Trog
  6580 | Lair:4   | Found a staircase to the Swamp.
  7127 | D:10     | Found Podibb's Weapon Emporium.
  7140 | D:10     | Bought a +0 battleaxe of electrocution for 236 gold pieces
  7246 | D:12     | Reached skill level 19 in Axes
  7288 | D:11     | Reached ****** piety under Trog
  7447 | D:10     | Got an ancient bone ring
  7448 | D:10     | Identified the ring "Guyplaragh" {+Fly rElec rF+ Str-2 Int+2} (You found it on level 10 of the Dungeon)
  7474 | D:11     | Received a gift from Trog
  7518 | D:11     | Reached XP level 15. HP: 123/143 MP: 17/17
  7934 | D:12     | Noticed Fannar
  7943 | D:12     | Killed Fannar
  7943 | D:12     | Received a gift from Trog
  8016 | D:12     | Found a staircase to the Orcish Mines.
  8025 | D:12     | Found Geeceu Ifeo's Weapon Shop.
  8030 | D:12     | Received a gift from Trog
  8065 | Orc:1    | Entered Level 1 of the Orcish Mines
  8162 | Orc:2    | Entered Level 2 of the Orcish Mines
  8162 | Orc:2    | Found a labyrinth entrance.
  8168 | Lab      | Entered a labyrinth
  8327 | Lab      | Got an ichor-stained broad axe {venom}
  8331 | Lab      | Identified the +5 broad axe "Cofri" {venom, +Blink rPois rN++ Int-2} (You took it off a minotaur in a labyrinth)
  8414 | Orc:1    | Found Sajijocu's Antique Weapon Shop.
  8525 | Orc:2    | Found Peasoschu's Armour Shop.
  8655 | Orc:2    | Noticed Saint Roka
  8688 | Orc:2    | Killed Saint Roka
  8731 | Orc:2    | Received a gift from Trog
  8734 | Orc:2    | Got a brightly glowing executioner's axe {god gift}
  8735 | Orc:2    | Identified the +9 executioner's axe "Toataloi" {chop, *Corrode +Inv rElec Stlth+} (Trog gifted it to you on level 2 of the Orcish Mines)
  8778 | Orc:2    | Found a staircase to the Elven Halls.
  8850 | Orc:2    | Gained mutation: You are dopey. (Int -2) [a neqoxec]
  8855 | Orc:2    | Reached skill level 20 in Axes
  8855 | Orc:2    | Annihilated by an orc warrior

Vault maps used:
D:1:      dpeg_arrival_erosion
D:3:      first_bread
D:4:      grunt_gozag_statues, uniq_robin
D:5:      nicolae_dithmenos_shadow_blocks, gammafunk_temple_overflow_wave
D:6:      minmay_misc_feat_tiny
D:7:      lightli_ossuary_entry_decrepit_ruins
D:8:      grunt_livestock
D:9:      nicolae_overflow_hidden_temple, cheibriados_altar_1, serial_shops,
          shop, shop, tgw_kikubaaqudgha
D:10:     dpeg_oklobed_lair, serial_shops, nicolae_shop_crystal
D:11:     kennysheep_big_empty_room
D:12:     orc_david_3, uniq_maurice, uniq_fannar
Lair:1:   minmay_stone_trees_medium, serial_bayou_shore_a, grunt_megastairs_2
Lair:2:   spider_nest_entry_web_field
Lair:4:   nicolae_swamp_entry_splash_gauntlet
Lair:5:   slime_altar_1, wad_woods_road_03
Lair:6:   due_jungle_book, roderic_batcave
Orc:1:    serial_shops, shop
Orc:2:    grunt_orc_tribal_feast, serial_shops, shop, lab_entry_generic,
          uniq_saint_roka
Lab:      labyrinth_watery, nicolae_lab_hexagon
Ossuary:  ossuary_zaba_flooded

Skill      XL: |  1  2  3  4  5  6  7  8  9 10 11 12 13 14 15 |
---------------+----------------------------------------------+-----
Axes           | 4 5 6 7 9 11 14 15 17 19 20 | 20.0
Fighting       | 4 5 6 7 8 9 10 11 13 14 15 16 | 16.5
Armour         | 3 4 6 9 11 12 14 | 14.7
Evocations     | 4 5 |  5.0
Throwing       | 1 |  1.9
Dodging        | |  2.1

Action                   |  1- 3 |  4- 6 |  7- 9 | 10-12 | 13-15 || total
-------------------------+-------+-------+-------+-------+-------++-------
Melee: Hand axe          |    69 |    81 |   293 |    50 |    20 ||   513
       Headbutt          |    17 |    20 |    71 |    37 |   126 ||   271
       Battleaxe         |       |       |     6 |   126 |   467 ||   599
       Executioner's axe |       |       |       |       |    30 ||    30
Throw: Javelin           |       |       |       |     1 |     9 ||    10
Invok: Berserk           |       |     1 |     3 |     1 |     6 ||    11
       Trog's Hand       |       |     1 |     5 |     6 |    14 ||    26
       Burn Spellbooks   |       |       |       |       |     2 ||     2
Evoke: Wand              |       |       |       |       |     6 ||     6
  Use: Scroll            |       |     5 |    11 |     7 |    11 ||    34
       Potion            |       |       |     1 |     6 |     1 ||     8
 Stab: Sleeping          |       |     1 |       |       |       ||     1
       Invisible         |       |       |       |    10 |       ||    10
       Confused          |       |       |       |       |     1 ||     1
  Eat: Chunk             |     1 |     2 |     8 |     7 |    15 ||    33
       Pizza             |       |     1 |     1 |       |     1 ||     3
       Beef jerky        |       |       |     1 |     1 |     2 ||     4
       Meat ration       |       |       |       |       |     1 ||     1
Armor: Animal skin       |    10 |     7 |       |       |       ||    17
       Scale mail        |       |    13 |     8 |       |       ||    21
       Plate armour      |       |       |    15 |       |    80 ||    95
       Chain mail        |       |       |   124 |   115 |   214 ||   453
Dodge: Dodged            |    44 |    48 |   117 |    97 |   225 ||   531
